 Dungeon Crawl Stone Soup version 0.28-a0-2-g643f2454ad (webtiles) character file.

Game seed: 418003233264340845

591 Blejac999 the Magician (level 7, -5/47 HPs)
             Began as a Djinni Conjurer on July 22, 2021.
             Was a Follower of Makhleb.
             Slain by a mummy (12 damage)
             ... in an ossuary.
             The game lasted 00:11:52 (4680 turns).

Blejac999 the Magician (Djinni Conjurer)            Turns: 4680, Time: 00:11:52

Health: -5/47      AC:  4    Str:  6    XL:     7   Next: 66%
Gold:   202        EV: 13    Int: 22    God:    Makhleb [*.....] SH:  0 Dex: 11

rFire   + + .      SeeInvis .   e - +3 scythe (protect)
rCold   x . .      Faith    .   (shield currently unavailable)
rNeg    . . .      Spirit   .   a - +1 robe
rPois   ∞          Reflect  .   f - +0 helmet
rElec   .          Harm     .   (no cloak)
rCorr   .          Rampage  .   (no gloves)
Will    .....                   (boots unavailable)
Stlth   ++........              (no amulet)
HPRegen 0.15/turn               (no ring)
MPRegen 0.00/turn               (no ring)

@: flying, very slightly contaminated
A: sickness immunity, fire resistance 2, cold vulnerability 1, float, innate
caster, hp casting, extra vitality 1
a: Renounce Religion


You were in an ossuary.
You worshipped Makhleb.
Makhleb was aware of your devotion.
You visited 2 branches of the dungeon, and saw 5 of its levels.
You also visited: Ossuary.

You collected 202 gold pieces.

Inventory:

Hand Weapons
 e - a +3 scythe of protection (weapon)
Armour
 a - a +1 robe (worn)
 f - a +0 helmet (worn)
Magical Staves
 b - a staff of earth
Scrolls
 d - a scroll of torment
 g - 2 scrolls of blinking
 o - a scroll of identify
Potions
 c - 2 potions of curing {unknown}
 h - a potion of haste {unknown}
 i - a potion of might {unknown}
 j - 3 potions of flight {unknown}
 k - a potion of resistance {unknown}
 l - a potion of ambrosia {unknown}
 m - a potion of heal wounds {unknown}
 n - 2 potions of brilliance
 p - 2 potions of degeneration {unknown}


   Skills:
 + Level 1.3 Fighting
 + Level 0.4 Short Blades
 + Level 3.9 Dodging
 + Level 2.5 Stealth
 + Level 5.9 Spellcasting


You couldn't memorise any spells.
You knew the following spells:

 Your Spells              Type           Power      Damage    Failure   Level
a - Magic Dart            Conj           100%       1d8       1%          1
b - Searing Ray           Conj           64%        3d5       1%          2
c - Dazzling Flash        Conj/Hex       64%        N/A       2%          3
d - Fulminant Prism       Conj/Hex       16%        3d11      8%          4
e - Iskenderun's Mystic   Conj/Tloc      32%        2d8       8%          4
f - Apportation           Tloc           64%        N/A       1%          1
g - Corpse Rot            Necr/Air       N/A        N/A       1%          2
h - Call Imp              Summ           32%        N/A       1%          2
Your spell library was empty.

Dungeon Overview and Level Annotations

Branches:
Dungeon (4/15)             Temple (1/1) D:4         Ossuary (1/1)

Altars:
Ashenzari
Dithmenos
Kikubaaqudgha
Makhleb
Nemelex Xobeh
Qazlal
Ru
Trog
Xom
The Shining One

Shops:
D:2 (

Annotations:
D:4 2 runed translucent doors


Innate Abilities, Weirdness & Mutations

You are immune to sickness and miasma.
You are immune to poison.
Your flesh is very heat resistant. (rF++)
You are vulnerable to cold. (rC-)
You float through the air rather than walking.
You learn spells naturally, not from books.
Your magical power is your life essence.
You have superior vitality. (+4 HP)


Message History

The mummy is moderately damaged.
The mummy hits you.
You hit the mummy.
Your weapon exudes an aura of protection.
The mummy is heavily damaged.
The mummy barely misses you.
You hit the mummy.
The mummy is severely damaged.
The mummy closely misses you.
You barely miss the mummy.
The mummy is severely damaged.
The mummy hits you! x2
* * * LOW HITPOINT WARNING * * *
You barely miss the mummy.
The mummy is severely damaged.
The mummy closely misses you.
Casting: Searing Ray (safe; 1% risk of failure)
Confirm with . or Enter, or press ? or * to list all spells.
Aiming: Searing Ray (safe; 1% risk of failure)
Press: ? - help, Shift-Dir - straight line, f/p - mummy
Aim: a mummy (severely damaged, 91% to hit)
You miscast Searing Ray.
You are very lightly contaminated with residual magic.
Nothing appears to happen.
* * * LOW HITPOINT WARNING * * *
Casting: Searing Ray (safe; 1% risk of failure)
Confirm with . or Enter, or press ? or * to list all spells.
Aiming: Searing Ray (safe; 1% risk of failure)
Press: ? - help, Shift-Dir - straight line, f/p - mummy
Aim: a mummy (severely damaged, 91% to hit)
The searing ray hits the mummy.
The mummy is severely damaged. (Press . to maintain the ray.)
* * * LOW HITPOINT WARNING * * *
The mummy completely misses you.
The searing ray hits the mummy.
The mummy is almost destroyed.
* * * LOW HITPOINT WARNING * * *
The mummy hits you!
You die...

##+## ##+##
##...##
##...## #
+..@..+
+.....+ ##.
##..M##
##'...## #..
##'## ##.##'##
#.#
#..####.###.##
#.# ##..##.##
#..##### ###
##'## ##..'##
##..'...
#∩###...##
##..# #####.#
#..'....'#
##'## ### ###
#∩###...##
##...###.###


You could see a mummy.

Vanquished Creatures
  Sigmund (D:3)
  An ogre (D:4)
  3 jellies (D:2)
  Terence (D:2)
  7 mummies (Ossuary)
  4 gnolls (D:3)
  2 adders
  A shadow imp (D:4)
  A worm (D:3)
  2 orcs
  5 ball pythons
  12 endoplasms
  A giant cockroach (D:4)
  5 goblins
  10 hobgoblins
  2 jackals (D:3)
  A quokka (D:4)
  5 bats
  A frilled lizard (D:2)
  2 gnoll skeletons (Ossuary)
  12 kobolds
  2 kobold skeletons (Ossuary)
  3 orc skeletons (Ossuary)
  4 rats
  11 rat skeletons (Ossuary)
  A toadstool (D:3)
100 creatures vanquished.

Vanquished Creatures (others)
  5 fulminant prisms
  11 fungi
  13 toadstools
29 creatures vanquished.

Grand Total: 129 creatures vanquished

Notes
Turn   | Place    | Note
-------+----------+-------------------------------------------
     0 | D:1      | Blejac999 the Djinni Conjurer began the quest for the Orb.
     0 | D:1      | Reached XP level 1. HP: 15/15 MP: 0/0
   504 | D:1      | You are sucked into a shaft and drop 1 floor!
   504 | D:2      | Found Raupnohe's Antique Weapon Shoppe.
   511 | D:2      | Reached XP level 2. HP: 4/21 MP: 0/0
   997 | D:1      | Found a faded altar of an unknown god.
  1373 | D:1      | Reached XP level 3. HP: 19/25 MP: 0/0
  1373 | D:1      | Learned a level 1 spell: Apportation
  1607 | D:2      | Noticed Terence
  1619 | D:2      | Killed Terence
  1620 | D:2      | Reached skill level 4 in Spellcasting
  1851 | D:2      | Reached XP level 4. HP: 29/31 MP: 0/0
  2168 | D:2      | Reached XP level 5. HP: 24/36 MP: 0/0
  2168 | D:2      | Learned a level 2 spell: Corpse Rot
  2935 | D:3      | Found a sparkling altar of Nemelex Xobeh.
  3129 | D:3      | Reached XP level 6. HP: 33/41 MP: 0/0
  3130 | D:3      | Noticed Sigmund
  3503 | D:3      | Reached skill level 1 in Fighting
  3549 | D:3      | Killed Sigmund
  3550 | D:3      | Reached skill level 5 in Spellcasting
  3550 | D:3      | Reached XP level 7. HP: 13/47 MP: 0/0
  3550 | D:3      | Learned a level 2 spell: Call Imp
  3802 | D:4      | Found a large runed translucent door.
  3804 | D:4      | Found a large runed translucent door.
  3948 | D:4      | Found a staircase to the Ecumenical Temple.
  3957 | Temple   | Entered the Ecumenical Temple
  3964 | Temple   | Became a worshipper of Makhleb the Destroyer
  4065 | D:4      | Found a sand-covered staircase.
  4069 | Ossuary  | Entered an ossuary
  4399 | Ossuary  | Reached * piety under Makhleb
  4680 | Ossuary  | Slain by a mummy

Illustrated notes

Levels and vault maps discovered:
D:1:      amcnicky_arrival_underground_garden, layout_basic,
          basic_ecumenical_altar, grunt_decor_arrowhead
D:2:      cheibrodos_fertilizer, layout_basic, serial_shops,
          nicolae_shop_statue_plus, uniq_terence
D:3:      layout_loops_cross, nemelex_spade_bored_becter,
          minmay_gold_behind_fungi, uniq_sigmund
D:4:      layout_rooms, jmf_multi_god_temple2, minmay_temple_entry_tees,
          enter_ossuary_5
Temple:   nicolae_temple_x_marks_the_god
Ossuary:  ossuary_due_small_catacomb

Skill      XL: |  1  2  3  4  5  6 |
---------------+-------------------+-----
Spellcasting   | 4 5 |  5.9
Dodging        | 3 |  3.9
Fighting       | 1 |  1.3
Stealth        | 2 |  2.5
Short Blades   | |  0.4

Action                   |  1- 3 |  4- 6 |  7- 9 || total
-------------------------+-------+-------+-------++-------
Melee: Unarmed           |     1 |       |       ||     1
       Dagger            |       |     6 |       ||     6
       Staff             |       |     3 |       ||     3
       Scythe            |       |       |     9 ||     9
 Cast: Magic Dart        |    46 |    43 |    19 ||   108
       Searing Ray       |     2 |     7 |    20 ||    29
       Apportation       |     1 |       |       ||     1
       Fulminant Prism   |       |     4 |     1 ||     5
  Use: Scroll            |     2 |     3 |     2 ||     7
       Potion            |     1 |     1 |       ||     2
Armor: Robe              |     8 |     4 |     3 ||    15
Dodge: Dodged            |    23 |     9 |    21 ||    53

Table legend: (Time is in decaauts)
 A = Elapsed time spent in this place.
 B = Non-inter-level travel time spent in this place.
 C = Inter-level travel time spent in this place.
 D = Time resting spent in this place.
 E = Time spent auto-exploring this place.
 F = Levels seen in this place.
 G = Mean time per level.
                   A        B        C        D        E       F      G
               +--------+--------+--------+--------+--------+-----+--------+
         Total |   4688 |   4591 |     97 |   1370 |   2353 |   6 |  781.3 |
       Dungeon |   4057 |   3960 |     97 |   1056 |   2198 |   4 | 1014.2 |
        Temple |     14 |     14 |      0 |      0 |      0 |   1 |   14.0 |
       Ossuary |    616 |    616 |      0 |    314 |    155 |   1 |  616.0 |
               +--------+--------+--------+--------+--------+-----+--------+

Top non-repeatable levels by time:
     D:1: 1599 daAuts
     D:2: 1249 daAuts
     D:3: 948 daAuts
 Ossuary: 616 daAuts
     D:4: 259 daAuts
  Temple: 14 daAuts
